 Dungeon Crawl Stone Soup version 0.29-a0-344-ge2f44be95a (webtiles) character file.

Game seed: 16726661041065057142

413 Shayle the Skirmisher (level 6, 0/39 HPs)
             Began as a Tengu Brigand on Apr 22, 2022.
             Slain by an orc
             ... wielding a +0 club
              (1 damage)
             ... on level 3 of the Dungeon.
             The game lasted 00:06:36 (3185 turns).

Shayle the Skirmisher (Tengu Brigand)               Turns: 3185, Time: 00:06:36

Health: 0/39       AC:  3    Str: 13    XL:     6   Next: 91%
Magic:  12/12      EV: 16    Int: 15    God:
Gold:   84         SH:  0    Dex: 16    Spells: 11/11 levels left

rFire   . . .      SeeInvis .   f - +5 scythe (venom)
rCold   . . .      Faith    .   (shield currently unavailable)
rNeg    . . .      Spirit   .   b - +0 robe
rPois   .          Reflect  .   (helmet restricted)
rElec   .          Harm     .   c - +0 cloak
rCorr   .          Rampage  .   (no gloves)
Will    .....                   (boots unavailable)
Stlth   +++.......              (no amulet)
HPRegen 0.13/turn               (no ring)
MPRegen 0.13/turn               (no ring)

@: flying quickly and evasively, quick
A: beak, talons 3, nimble flight, clever 1, strong 1, subdued magic 1
a: no special abilities


You were on level 3 of the Dungeon.
You visited 1 branch of the dungeon, and saw 3 of its levels.

You collected 84 gold pieces.

Inventory:

Hand Weapons
 a - a +2 dagger
 f - a +5 scythe of venom (weapon)
 n - a +2 short sword of electrocution
Missiles
 d - 12 poisoned darts (quivered)
 e - 3 curare-tipped darts
Armour
 b - a +0 robe (worn)
 c - a +0 cloak (worn)
 o - a +0 buckler
Jewellery
 h - the amulet of the Air {Inacc Air Fly rElec RMsl}
   (You found it on level 2 of the Dungeon)

   [amulet of nothing]

   It reduces the accuracy of all your attacks.
   It enhances your air magic.
   rElec:     It insulates you from electricity.
   Fly:       It grants you flight.
   RMsl:      It protects you from missiles.
 j - an amulet of faith
Scrolls
 g - 3 scrolls of fog {unknown}
 i - 3 scrolls of teleportation {unknown}
 k - a scroll of amnesia {unknown}
Potions
 l - a potion of flight {unknown}


   Skills:
 + Level 4.3 Fighting
 - Level 2.1 Short Blades
 - Level 2.0 Throwing
 + Level 4.3 Dodging
 - Level 4.0 Stealth
 + Level 3.4 Spellcasting


You had 11 spell levels left.
You didn't know any spells.
Your spell library contained the following spells:

 Spells                   Type           Power      Damage    Failure   Level
 Corpse Rot               Necr/Air       2%         N/A       24%         2
 Ensorcelled Hibernation  Hex/Ice        2%         N/A       24%         2
 Passwall                 Tmut/Erth      0%         N/A       24%         2
 Poisonous Vapours        Pois/Air       2%         N/A       24%         2
 Ignite Poison            Fire/Tmut/Pois 1%         N/A       45%         3
 Mephitic Cloud           Conj/Pois/Air  1%         N/A       45%         3
 Swiftness                Air            1%         N/A       45%         3
 Freezing Cloud           Conj/Ice/Air   0%         6-21      99%         5


Dungeon Overview and Level Annotations

Branches:
Dungeon (3/15)

Altars:

Shops:
D:1 =


Innate Abilities, Weirdness & Mutations

You have a beak for a mouth.
You have claws for feet.
Your magical nature lets you fly swiftly and evasively.
Your mind is acute. (Int +2)
Your muscles are strong. (Str +2)
Your spells are a little easier to cast, but a little less powerful.


Message History

It was a potion of heal wounds.
You feel much better. Ijyb closely misses you. The orc barely misses you.
The orc closely misses you.
The orc hits you from afar with a +0 trident.
The orc misses you.
You hit Ijyb.
Ijyb is poisoned.
You claw Ijyb, but do no damage. You peck Ijyb, but do no damage.
Ijyb is lightly wounded.
Ijyb misses you. The orc hits you with a +0 hand axe.
The orc closely misses you. The orc hits you with a +0 flail.
The orc hits you but does no damage.
Ijyb screams, "Level is mine!
All mine!"
Ijyb barely misses you. The orc completely misses you.
The orc hits you with a +0 club.
The orc hits you from afar with a +0 trident.
The orc hits you but does no damage.
Unknown command.
You hit Ijyb.
Ijyb looks as sick as possible!
Ijyb is moderately wounded.
Ijyb misses you. The orc hits you with a +0 hand axe.
* * * LOW HITPOINT WARNING * * *
The orc closely misses you. The orc completely misses you. The orc misses you.
Ijyb hits you with a +0 club.
* * * LOW HITPOINT WARNING * * *
The orc completely misses you. The orc misses you. x2
The orc hits you with a +0 hand axe.
* * * LOW HITPOINT WARNING * * *
Unknown command.
Okay, then.
Okay, then.
You slice Ijyb!!
You kill Ijyb!
The orc hits you from afar with a +0 trident.
* * * LOW HITPOINT WARNING * * *
The orc completely misses you. The orc misses you.
The orc completely misses you. The orc closely misses you.
The orc barely misses you. x2
You slash the orc!
You kill the orc!
The orc misses you. The orc hits you with a +0 club.
You die...

..............#######..........
. .....##..##..............# #
.....##..##...####.......# #
##....<..####### #.......#
#.####.#.. .. #.......# #.#
#.#.# #. #.......# #.# #....
#.##.......# #.#
###.##.##.)........# #..
.....o.@##.##.### ###
......oo##.# .# #.....#.# .. #
#.....#.# ##. #.... #.# . #####
#.. . ###


You could see 3 orcs.

Vanquished Creatures
  Sigmund (D:2)
  Natasha (thrice) (D:2)
  An orc wizard (D:3)
  Ijyb (D:3)
  Robin (D:2)
  2 adders (D:2)
  4 worms
  A dart slug (D:3)
  10 orcs (D:3)
  2 endoplasms (D:1)
  A giant cockroach (D:2)
  14 goblins
  8 hobgoblins (D:1)
  8 jackals (D:1)
  7 ball pythons
  7 bats
  6 frilled lizards
  2 kobolds
  6 rats
85 creatures vanquished.

Notes
Turn   | Place    | Note
-------+----------+-------------------------------------------
     0 | D:1      | Shayle the Tengu Brigand began the quest for the Orb.
     0 | D:1      | Reached XP level 1. HP: 12/12 MP: 2/2
   111 | D:1      | Found a faded altar of an unknown god.
   144 | D:1      | Reached XP level 2. HP: 17/17 MP: 3/3
   387 | D:1      | Reached skill level 1 in Spellcasting
   784 | D:1      | Found Courch's Jewellery Shop.
   887 | D:1      | Reached XP level 3. HP: 20/22 MP: 5/5
  1329 | D:2      | Found the amulet of the Air {Inacc Air Fly rElec RMsl}
  1331 | D:2      | Noticed Sigmund
  1356 | D:2      | Killed Sigmund
  1357 | D:2      | Reached XP level 4. HP: 6/29 MP: 6/9
  1357 | D:2      | Gained mutation: Your magical nature lets you fly swiftly
                  | and evasively. [Tengu growth]
  1357 | D:2      | Reached XP level 5. HP: 7/33 MP: 6/10
  1763 | D:2      | Noticed Robin
  1766 | D:2      | Noticed Natasha
  1773 | D:1      | Reached XP level 6. HP: 25/38 MP: 11/11
  2044 | D:2      | Killed Natasha
  2103 | D:2      | Noticed Natasha
  2108 | D:2      | Killed Natasha
  2131 | D:2      | Noticed Natasha
  2266 | D:2      | Killed Natasha
  2441 | D:2      | Killed Robin
  3175 | D:3      | Noticed Ijyb
  3180 | D:3      | Gained mutation: Your muscles are strong. (Str +2) [potion
                  | of mutation]
  3180 | D:3      | Gained mutation: Your spells are a little easier to cast,
                  | but a little less powerful. [potion of mutation]
  3180 | D:3      | Gained mutation: Your mind is acute. (Int +2) [potion of
                  | mutation]
  3184 | D:3      | Killed Ijyb
  3184 | D:3      | HP: 1/38 [orc/+0 trident (6)]
  3185 | D:3      | Slain by an orc

Illustrated notes

Levels and vault maps discovered:
D:1:      shiori_arrival_oz, layout_loops_cross,
          chequers_ecumenical_altar_grove, serial_shops,
          nicolae_shop_advertising_works [nicolae_subvault_shop_adworks]
D:2:      layout_rooms, serial_rivers, chequers_serial_rivers_marsh,
          chequers_serial_rivers_small_3, chequers_serial_rivers_small_a,
          chequers_serial_rivers_large_b, chequers_serial_rivers_room_b,
          chequers_serial_rivers_small_3, chequers_arboretum, uniq_robin,
          uniq_sigmund, uniq_natasha
D:3:      layout_loops_cross, st_stairs_14, grunt_ministairs_6, uniq_ijyb

Skill      XL: |  1  2  3  4  5  6 |
---------------+-------------------+-----
Spellcasting   | 1 2 3 |  3.4
Dodging        | 2 3 4 |  4.3
Fighting       | 3 4 |  4.3
Short Blades   | |  2.1
Throwing       | |  2.0
Stealth        | |  4.0

Action                   |  1- 3 |  4- 6 || total
-------------------------+-------+-------++-------
Melee: Dagger            |    76 |    13 ||    89
       Peck              |    11 |    10 ||    21
       Kick              |    12 |    16 ||    28
       Scythe            |       |    88 ||    88
Throw: Dart              |     5 |       ||     5
  Use: Potion            |     1 |     3 ||     4
 Stab: Sleeping          |     8 |     9 ||    17
Armor: Robe              |    17 |    17 ||    34
       Skin              |       |     3 ||     3
Dodge: Dodged            |    41 |   135 ||   176

Table legend: (Time is in decaauts)
 A = Elapsed time spent in this place.
 B = Non-inter-level travel time spent in this place.
 C = Inter-level travel time spent in this place.
 D = Time resting spent in this place.
 E = Time spent auto-exploring this place.
 F = Levels seen in this place.
 G = Mean time per level.
                   A        B        C        D        E       F      G
               +--------+--------+--------+--------+--------+-----+--------+
         Total |   3181 |   3102 |     79 |    553 |   1750 |   3 | 1060.3 |
       Dungeon |   3181 |   3102 |     79 |    553 |   1750 |   3 | 1060.3 |
               +--------+--------+--------+--------+--------+-----+--------+

Top non-repeatable levels by time:
     D:2: 1246 daAuts
     D:1: 1216 daAuts
     D:3: 718 daAuts
